 Dungeon Crawl Stone Soup version 0.32-a0-292-g751ec8d2e7 (webtiles) character file.

Game seed: 12338018301314712939

1229 GordonOverkill the Covert (level 8, -1/40 HPs)
             Began as a Spriggan Delver on Feb 14, 2024.
             Was a Priest of Vehumet.
             Slain by a gnoll
             ... wielding a +0 club
             ... led by a gnoll bouda
              (6 damage)
             ... on level 5 of the Dungeon.
             The game lasted 00:16:51 (6624 turns).

GordonOverkill the Covert (Spriggan Delver)         Turns: 6624, Time: 00:16:52

Health: -1/40      AC:  7    Str:  8    XL:     8   Next: 24%
Magic:  13/13      EV: 17    Int: 20    God:    Vehumet [***...]
Gold:   133        SH:  0    Dex: 14    Spells: 8/13 levels left

rFire   . . .        m - +3 dagger of Qaoqiaff {pain, Int+6 Dex-2}
rCold   . . .        (no shield)
rNeg    + . .        F - +2 robe {Will+}
rPois   .            (helmet restricted)
rElec   .            C - +2 cloak {rCorr}
rCorr   +            (gloves unavailable)
SInv    +            (boots unavailable)
Will    ++...        (no amulet)
Stlth   ++++         I - ring of positive energy
HPRegen 0.26/turn    (no ring)
MPRegen 0.13/turn

%: no passive effects
@: weakened, very quick
A: very small, no large weapons, unfitting armour, see invisible, speed 3
a: Renounce Religion


You were on level 5 of the Dungeon.
You worshipped Vehumet.
Vehumet was most pleased with you.
You visited 2 branches of the dungeon, and saw 8 of its levels.

You collected 284 gold pieces.
You spent 151 gold pieces at shops.

Inventory:

Hand Weapons
 l - a +0 rapier
 m - the +3 dagger of Qaoqiaff (weapon) {pain, Int+6 Dex-2}
   (You took it off an orc on level 2 of the Dungeon)

   Int+6:     It affects your intelligence (+6).
   Dex-2:     It affects your dexterity (-2).
 w - a +1 dagger of flaming
Missiles
 B - 11 poisoned darts (quivered)
 G - a throwing net
Armour
 C - a +2 cloak of preservation (worn)
 F - a +2 robe of willpower (worn)
Jewellery
 I - a ring of positive energy (left hand)
Wands
 b - a wand of flame (3)
 g - a wand of digging (3)
 i - a wand of charming (4)
 j - a wand of polymorph (11)
 z - a wand of light (2)
Scrolls
 c - a scroll of fog
 d - 3 scrolls of revelation
 e - 3 scrolls of fear
 h - a scroll of immolation {unknown}
 k - a scroll of enchant armour
 o - a scroll of enchant weapon {unknown}
 r - a scroll of teleportation {unknown}
 u - a scroll of amnesia {unknown}
 x - a scroll of torment {unknown}
 y - a scroll of vulnerability
 D - a scroll of silence {unknown}
 E - 2 scrolls of summoning
 K - a scroll of poison {unknown}
Potions
 a - 2 potions of mutation {unknown}
 f - a potion of haste
 n - a potion of berserk rage
 p - 2 potions of lignification
 q - a potion of heal wounds
 t - 4 potions of curing {unknown}
 v - a potion of brilliance
 A - a potion of degeneration {unknown}
 H - a potion of resistance {unknown}
 J - a potion of might {unknown}


   Skills:
 - Level 3.0 Fighting
 - Level 3.0 Short Blades
 - Level 3.0 Dodging
 - Level 8.0 Stealth
 - Level 3.0 Spellcasting
 - Level 5.0 Conjurations
 + Level 3.0 Necromancy
 - Level 3.0 Air Magic
 - Level 3.0 Evocations


You had 8 spell levels left.
You knew the following spells:

 Your Spells              Type           Power      Damage    Failure   Level
a - Shock                 Conj/Air       76%        1d7       1%          1
b - Airstrike             Air            7%         2d(2-18)  11%         4

Your spell library contained the following spells:

 Spells                   Type           Power      Damage    Failure   Level
 Dazzling Flash           Conj/Hex       26%        N/A       4%          3
 Sublimation of Blood     Necr           15%        N/A       6%          2
 Swiftness                Air            15%        N/A       12%         3
 Irradiate                Conj/Alch      6%         3d13      32%         5
 Petrify                  Alch/Erth      3%         N/A       80%         4


Dungeon Overview and Level Annotations

Branches:
Dungeon (7/15)             Temple (1/1) D:7

Altars:
Ashenzari
Cheibriados
Dithmenos
Elyvilon
Fedhas
Gozag
Hepliaklqana
Kikubaaqudgha
Makhleb
Nemelex Xobeh
Okawaru
Qazlal
Ru
Sif Muna
Trog
Uskayaw
Vehumet
Wu Jian
Xom
Yredelemnul
Zin
The Shining One

Shops:
D:3 ?(!(*   D:5 *

Annotations:
D:7 Joseph


Innate Abilities, Weirdness & Mutations

You are very small and have problems with some larger weapons.
You are too small for most types of armour.
You have supernaturally acute eyesight. (SInv)
You cover ground extremely quickly. (Speed+++)


Message History

The gnoll barely misses you.
The gnoll bouda gazes fiercely through you!
You feel as though you will be weak longer.
You climb upwards.
There is a stone staircase leading down here.
You hit the gnoll.
The gnoll writhes in agony.
The gnoll is lightly wounded.
The gnoll hits you with a +0 club.
* * * LOW HITPOINT WARNING * * *
You hit the gnoll.
The gnoll writhes in agony.
The gnoll is heavily wounded.
The gnoll closely misses you.
You closely miss the gnoll.
The gnoll is heavily wounded.
The gnoll closely misses you.
You hit the gnoll but do no damage.
The gnoll writhes in agony.
The gnoll is heavily wounded.
The gnoll hits you with a +0 club!
* * * LOW HITPOINT WARNING * * *
You closely miss the gnoll.
The gnoll is heavily wounded.
The gnoll hits you with a +0 club.
* * * LOW HITPOINT WARNING * * *
You closely miss the gnoll.
The gnoll is heavily wounded.
The gnoll closely misses you.
You hit the gnoll.
The gnoll is severely wounded.
You barely miss the gnoll.
The gnoll is severely wounded.
The gnoll hits you with a +0 club.
* * * LOW HITPOINT WARNING * * *
You hit the gnoll but do no damage.
The gnoll is severely wounded.
The gnoll hits you with a +0 club.
* * * LOW HITPOINT WARNING * * *
You hit the gnoll.
The gnoll writhes in agony.
The gnoll is almost dead.
The gnoll hits you with a +0 club.
You die...

##### #...# #.#.# #.#.#
#.#.##########
####.#.........g##
...............)@##########
.).<........#.............#
####.########..(..........#
# #.# #.##.............# ##
#.# ####.###..##########
.###.# #.#..# #..#
#.##.####.÷.# #..########
.#.#.#.#..÷.#
#.........########
.##.###....##
##.######.#......#


You could see a gnoll.

Vanquished Creatures
  Menkaure (D:4)
  2 ogres
  A phantom (D:5)
  2 orc priests
  3 hounds (D:5)
  2 gnoll boudas
  4 iguanas
  Natasha (thrice) (D:4)
  3 orc wizards
  15 gnolls
  4 adders
  A ribbon worm (D:4)
  22 orcs
  6 endoplasms
  14 goblins
  10 hobgoblins
  5 jackals
  7 kobolds
  10 quokkas
  8 ball pythons
  5 bats (D:1)
  2 frilled lizards (D:1)
  4 rats
134 creatures vanquished.

Notes
Turn   | Place    | Note
-------+----------+-------------------------------------------
     0 | D:5      | GordonOverkill the Spriggan Delver began the quest for the
                  | Orb.
     0 | D:5      | Reached XP level 1. HP: 11/11 MP: 2/2
    11 | D:7      | Found a staircase to the Ecumenical Temple.
    41 | D:7      | Noticed Joseph
    54 | Temple   | Entered the Ecumenical Temple
    73 | Temple   | Became a worshipper of Vehumet
   251 | D:5      | Noticed an iguana
   517 | D:5      | Found Nuuczeul's Assorted Antiques.
   525 | D:5      | Found a shimmering altar of Xom.
   633 | D:4      | Noticed Natasha
   633 | D:4      | Noticed an orc priest
   649 | D:3      | Found Diddist's Distillery.
   702 | D:3      | Reached XP level 2. HP: 7/16 MP: 3/3
   799 | D:3      | Noticed an ogre
   984 | D:3      | Found Onnacsa's Magic Scroll Emporium.
   985 | D:3      | Found Nery's Antique Weapon Emporium.
   997 | D:3      | Bought a scroll of identify for 24 gold pieces
  1114 | D:1      | Reached XP level 3. HP: 20/20 MP: 5/5
  1117 | D:1      | Reached skill level 1 in Spellcasting
  1194 | D:1      | Reached * piety under Vehumet
  1194 | D:1      | Offered knowledge of Kiss of Death by Vehumet.
  1359 | D:1      | Reached XP level 4. HP: 24/24 MP: 9/9
  1747 | D:2      | Reached skill level 1 in Conjurations
  2371 | D:3      | Identified the +3 dagger of Qaoqiaff {pain, Int+6 Dex-2}
  2448 | D:3      | Killed an ogre
  2449 | D:3      | Reached XP level 5. HP: 28/28 MP: 10/10
  2728 | D:2      | Offered knowledge of Shock by Vehumet.
  2734 | D:2      | Learned a level 1 spell: Shock
  2761 | D:3      | Reached skill level 1 in Evocations
  2872 | D:3      | Found Adotin's Weapon Emporium.
  2875 | D:3      | Reached skill level 1 in Necromancy
  2875 | D:3      | Reached XP level 6. HP: 29/32 MP: 11/11
  2881 | D:2      | Reached ** piety under Vehumet
  3066 | D:3      | Found Biliyt's Assorted Antiques.
  3083 | D:3      | Bought a glowing cloak for 127 gold pieces
  3351 | D:3      | Found Onnacsa's Magic Scroll Emporium.
  3352 | D:3      | Found Nery's Antique Weapon Emporium.
  3446 | D:3      | Found Diddist's Distillery.
  3530 | D:3      | Found Biliyt's Assorted Antiques.
  3534 | D:3      | Found Adotin's Weapon Emporium.
  3942 | D:4      | Noticed Menkaure
  3949 | D:4      | Killed Menkaure
  4003 | D:4      | Reached XP level 7. HP: 32/36 MP: 12/12
  4006 | D:4      | Reached skill level 1 in Air Magic
  4654 | D:4      | Killed Natasha
  4739 | D:4      | Noticed Natasha
  4761 | D:4      | Killed Natasha
  4890 | D:4      | Offered knowledge of Stone Arrow by Vehumet.
  4907 | D:4      | Reached *** piety under Vehumet
  4909 | D:4      | Reached skill level 8 in Stealth
  5310 | D:4      | Noticed Natasha
  5321 | D:4      | Killed Natasha
  5748 | D:4      | Offered knowledge of Dazzling Flash by Vehumet.
  5951 | D:5      | Reached XP level 8. HP: 40/40 MP: 13/13
  5956 | D:5      | Learned a level 4 spell: Airstrike
  6577 | D:5      | Reached skill level 5 in Conjurations
  6624 | D:5      | Slain by a gnoll

Illustrated notes

Levels and vault maps discovered:
D:1:      arrival_zaba_pyramid, layout_basic
D:2:      layout_loops_ring
D:3:      layout_rooms, serial_shops, nicolae_shop_tiny_statue_garden,
          nicolae_shop_bloodbath_and_beyond, shop, nicolae_shop_trees, shop,
          serial_corexii_hall, chequers_hall_statues_y,
          chequers_hall_statues_corner_a, minmay_door_square, nicolae_the_louvre
D:4:      layout_rooms, minmay_ogre_servants, uniq_menkaure, uniq_natasha
D:5:      wad_crossroads, layout_basic, xom_teletrap_fun, serial_shops, shop
D:6:      layout_loops_ring, nicolae_eternal_life
D:7:      layout_layer_cave, minmay_temple_entry_overgrown,
          gammafunk_ghost_wrathful_warriors, uniq_duvessa, uniq_maggie,
          uniq_joseph
Temple:   compressed_dpeg_triangle_lava_temple

Skill      XL: |  1  2  3  4  5  6  7  8 |
---------------+-------------------------+-----
Fighting       | 3 |  3.0
Short Blades   | 3 |  3.0
Spellcasting   | 3 |  3.0
Conjurations   | 2 3 4 5 |  5.0
Evocations     | 1 3 |  3.0
Necromancy     | 1 3 |  3.0
Air Magic      | 3 |  3.0
Dodging        | 3 |  3.0
Stealth        | 8 |  8.0

Action                     |  1- 3 |  4- 6 |  7- 9 || total
---------------------------+-------+-------+-------++-------
  Melee: Short sword       |    24 |       |       ||    24
         Rapier            |   109 |       |       ||   109
         Dagger            |     9 |   115 |   183 ||   307
  Throw: Dart              |     5 |     7 |     5 ||    17
   Cast: Shock             |       |    17 |       ||    17
         Airstrike         |       |       |     8 ||     8
  Evoke: Wand              |       |     6 |     5 ||    11
    Use: Scroll            |     3 |     1 |     5 ||     9
   Stab: Sleeping          |     6 |    10 |     5 ||    21
         Invisible         |       |     1 |     4 ||     5
         Distracted        |       |       |     1 ||     1
 Armour: Robe              |    51 |    48 |    66 ||   165
  Dodge: Dodged            |   134 |    99 |   138 ||   371

Table legend: (Time is in decaauts)
 A = Elapsed time spent in this place.
 B = Non-inter-level travel time spent in this place.
 C = Inter-level travel time spent in this place.
 D = Time resting spent in this place.
 E = Time spent auto-exploring this place.
 F = Levels seen in this place.
 G = Mean time per level.
                   A        B        C        D        E       F      G
               +--------+--------+--------+--------+--------+-----+--------+
         Total |   4920 |   4693 |    227 |   1432 |   1731 |   8 |  615.0 |
       Dungeon |   4896 |   4680 |    216 |   1432 |   1731 |   7 |  699.4 |
        Temple |     24 |     14 |     10 |      0 |      0 |   1 |   24.0 |
               +--------+--------+--------+--------+--------+-----+--------+

Top non-repeatable levels by time:
     D:3: 1346 daAuts
     D:4: 1045 daAuts
     D:5: 1005 daAuts
     D:2: 891 daAuts
     D:1: 453 daAuts
     D:7: 103 daAuts
     D:6: 51 daAuts
  Temple: 24 daAuts
